TOP OF THE 1ST |
Visalia Mets batting - Pitching for Reno Silver Sox : LHP Mike Morley
|
Pitching: LHP Mike Morley
|
|
Batting: RHB Danny Ainge
|
0-0: DOUBLE (Line Drive, 78D, EV 100.6 MPH)
|
Batting: SHB David Navarro
|
0-0: Ball 1-0: Ball 2-0: Foul Ball, location: 2F 2-1: SINGLE (Flyball, 8LS, EV 91.9 MPH) Danny Ainge to third
|
Batting: LHB Huey Gayden
|
0-0: Ball 1-0: Ball 2-0: Called Strike 2-1: Swinging Strike 2-2: Fielders Choice at 2nd, 4-6 (Groundball, 4M, EV 83.1 MPH) Danny Ainge scores
|
Batting: LHB Pete Dalena
|
0-0: Ball 1-0: Called Strike 1-1: Grounds into double play, 2-6-3 (Groundball, 13S, EV 75.6 MPH)
|
Top of the 1st over - 1 run, 2 hits, 0 errors, 0 left on base; Visalia 1 - Reno 0 |
BOTTOM OF THE 1ST |
Reno Silver Sox batting - Pitching for Visalia Mets : LHP Tom Bolton
|
Pitching: LHP Tom Bolton
|
|
Batting: RHB Lemmie Miller
|
0-0: Bunt - Flyout to 5S! F5
|
Batting: RHB Rod Hobbs
|
0-0: Swinging Strike 0-1: Ball 1-1: Ball 2-1: Ground out 6-3 (Groundball, 6, EV 100.0 MPH)
|
Batting: LHB Victor Diaz
|
0-0: Ground out 4-3 (Groundball, 4, EV 99.4 MPH)
|
Bottom of the 1st over - 0 runs, 0 hits, 0 errors, 0 left on base; Visalia 1 - Reno 0 |
TOP OF THE 2ND |
Visalia Mets batting - Pitching for Reno Silver Sox : LHP Mike Morley
|
Batting: RHB Ed Sedar
|
0-0: Fly out, F7 (Line Drive, 7D, EV 83.8 MPH)
|
Batting: RHB Gabriel de la Sancha
|
0-0: Fly out, F8 (Line Drive, 8LD, EV 86.9 MPH)
|
Batting: RHB Mitchell Ashmore
|
0-0: Ball 1-0: Called Strike 1-1: Foul Ball, location: 2F 1-2: Ball 2-2: Foul Ball, location: 2F 2-2: Foul Ball, location: 2F 2-2: SINGLE (Groundball, 6MD, EV 106.3 MPH)
|
Batting: RHB Lloyd Bessard
|
0-0: Called Strike 0-1: Called Strike 0-2: Ball 1-2: Foul Ball, location: 2F 1-2: Hit by Pitch Mitchell Ashmore to second
|
Batting: RHB Eddie Dennis
|
0-0: Ball 1-0: Ball 2-0: Foul Ball, location: 2F 2-1: Fly out, F8 (Flyball, 8RXD, EV 105.6 MPH)
|
Top of the 2nd over - 0 runs, 1 hit, 0 errors, 2 left on base; Visalia 1 - Reno 0 |
BOTTOM OF THE 2ND |
Reno Silver Sox batting - Pitching for Visalia Mets : LHP Tom Bolton
|
Batting: LHB Mike Hocutt
|
0-0: Ball 1-0: Ball 2-0: Foul Ball, location: 2F 2-1: Fly out, F7 (Flyball, 7D, EV 103.8 MPH)
|
Batting: RHB Bill Crone
|
0-0: Called Strike 0-1: Ball 1-1: Ball 2-1: Ball 3-1: Swinging Strike 3-2: Base on Balls
|
Batting: RHB Luis Cabanas
|
0-0: Ball 1-0: Swinging Strike 1-1: Fly out, F7 (Flyball, 7S, EV 71.3 MPH)
|
Batting: RHB Emilio Perez
|
0-0: Ball 1-0: Called Strike 1-1: Foul Ball, location: 2F 1-2: Strikes out swinging
|
Bottom of the 2nd over - 0 runs, 0 hits, 0 errors, 1 left on base; Visalia 1 - Reno 0 |
TOP OF THE 3RD |
Visalia Mets batting - Pitching for Reno Silver Sox : LHP Mike Morley
|
Batting: RHB Danny Ainge
|
0-0: Ball 1-0: Ground out U3 (Groundball, 3, EV 88.1 MPH)
|
Batting: SHB David Navarro
|
0-0: Ball 1-0: Ball 2-0: Called Strike 2-1: Ball 3-1: Foul Ball, location: 2F 3-2: Ground out 5-3 (Groundball, 56, EV 103.1 MPH)
|
Batting: LHB Huey Gayden
|
0-0: Called Strike 0-1: Ball 1-1: Ball 2-1: Fly out, F7 (Line Drive, 7D, EV 112.5 MPH)
|
Top of the 3rd over - 0 runs, 0 hits, 0 errors, 0 left on base; Visalia 1 - Reno 0 |
BOTTOM OF THE 3RD |
Reno Silver Sox batting - Pitching for Visalia Mets : LHP Tom Bolton
|
Batting: LHB Gregory Shirley
|
0-0: Ball 1-0: Ball 2-0: Ball 3-0: Base on Balls
|
Batting: SHB Grayling Tobias
|
0-0: Called Strike 0-1: Ball 1-1: Foul Ball, location: 2F 1-2: Ball 2-2: Foul Ball, location: 2F 2-2: Foul Ball, location: 2F 2-2: Fly out, F7 (Line Drive, 7, EV 84.4 MPH)
|
Batting: RHB Lemmie Miller
|
0-0: Swinging Strike 0-1: Ball 1-1: Fly out, F3 (Popup, 3SF, EV 86.3 MPH)
|
Batting: RHB Rod Hobbs
|
0-0: Called Strike 0-1: Ball 1-1: Ball 2-1: Ball 3-1: SINGLE (Line Drive, 78S, EV 96.3 MPH) Gregory Shirley to second
|
Batting: LHB Victor Diaz
|
0-0: Ball 1-0: Foul Ball, location: 2F 1-1: Foul Ball, location: 2F 1-2: Ball 2-2: Strikes out swinging
|
Bottom of the 3rd over - 0 runs, 1 hit, 0 errors, 2 left on base; Visalia 1 - Reno 0 |
TOP OF THE 4TH |
Visalia Mets batting - Pitching for Reno Silver Sox : LHP Mike Morley
|
Batting: LHB Pete Dalena
|
0-0: Ball 1-0: Ball 2-0: Called Strike 2-1: Ground out 6-3 (Groundball, 6, EV 88.1 MPH)
|
Batting: RHB Ed Sedar
|
0-0: Ball 1-0: Ball 2-0: Called Strike 2-1: Foul Ball, location: 2F 2-2: Ground out 5-3 (Groundball, 5S, EV 74.4 MPH)
|
Batting: RHB Gabriel de la Sancha
|
0-0: Ball 1-0: Ball 2-0: Called Strike 2-1: Ball 3-1: Called Strike 3-2: Base on Balls
|
Batting: RHB Mitchell Ashmore
|
0-0: Ball 1-0: Called Strike 1-1: Ball 2-1: Swinging Strike 2-2: Strikes out looking
|
Top of the 4th over - 0 runs, 0 hits, 0 errors, 1 left on base; Visalia 1 - Reno 0 |
BOTTOM OF THE 4TH |
Reno Silver Sox batting - Pitching for Visalia Mets : LHP Tom Bolton
|
Batting: LHB Mike Hocutt
|
0-0: Foul Ball, location: 2F 0-1: Ball 1-1: TRIPLE (Flyball, 89XD, EV 103.8 MPH)
|
Batting: RHB Bill Crone
|
0-0: Swinging Strike 0-1: Called Strike 0-2: Ball 1-2: Ball 2-2: Strikes out swinging
|
Batting: RHB Luis Cabanas
|
0-0: Called Strike 0-1: Called Strike 0-2: SINGLE (Groundball, 6, EV 106.3 MPH) Mike Hocutt scores
|
Batting: RHB Emilio Perez
|
0-0: SINGLE (Line Drive, 9S, EV 90.0 MPH) Luis Cabanas to second Runner from 2nd tries for 3rd, SAFE, throw by RF made to third
|
Batting: LHB Gregory Shirley
|
0-0: Hit by Pitch Emilio Perez to second
|
Batting: SHB Grayling Tobias
|
0-0: Ball 1-0: Grounds into fielders choice 4-2 (Groundball, 34, EV 101.9 MPH) Emilio Perez to third Gregory Shirley to second
|
Batting: RHB Lemmie Miller
|
0-0: Ball 1-0: Foul Ball, location: 2F 1-1: SINGLE (Groundball, 56D, EV 98.8 MPH) Emilio Perez scores Gregory Shirley to third Grayling Tobias to second Runner from 3rd tries for Home, SAFE, throw by LF to home
|
Batting: RHB Rod Hobbs
|
0-0: Foul Ball, location: 2F 0-1: Ball 1-1: Ground out U3 (Groundball, 34S, EV 78.1 MPH)
|
Bottom of the 4th over - 3 runs, 4 hits, 0 errors, 2 left on base; Visalia 1 - Reno 3 |
TOP OF THE 5TH |
Visalia Mets batting - Pitching for Reno Silver Sox : LHP Mike Morley
|
Batting: RHB Lloyd Bessard
|
0-0: Ball 1-0: Hit by Pitch
|
Batting: RHB Eddie Dennis
|
0-0: Ball 1-0: Bunt missed! 1-1: Sac Bunt to 23 - play at first, batter OUT! 3-4 Lloyd Bessard to second
|
Batting: RHB Danny Ainge
|
0-0: Fly out, F5 (Popup, 5SF, EV 71.3 MPH)
|
Batting: SHB David Navarro
|
0-0: SINGLE (Groundball, 34S, EV 72.5 MPH) (infield hit) Lloyd Bessard to third
|
Batting: LHB Huey Gayden
|
0-0: Ball 1-0: Fly out, F6 (Flyball, 56D, EV 88.8 MPH)
|
Top of the 5th over - 0 runs, 1 hit, 0 errors, 2 left on base; Visalia 1 - Reno 3 |
BOTTOM OF THE 5TH |
Reno Silver Sox batting - Pitching for Visalia Mets : LHP Tom Bolton
|
Batting: LHB Victor Diaz
|
0-0: Ball 1-0: Foul Ball, location: 2F 1-1: Fly out, F2 (Popup, 23F, EV 75.0 MPH)
|
Batting: LHB Mike Hocutt
|
0-0: Ball 1-0: Foul Ball, location: 2F 1-1: Ball 2-1: Fly out, F7 (Line Drive, 7, EV 98.1 MPH)
|
Batting: RHB Bill Crone
|
0-0: Ball 1-0: Swinging Strike 1-1: Foul Ball, location: 2F 1-2: Fly out, F9 (Flyball, 9S, EV 86.9 MPH)
|
Bottom of the 5th over - 0 runs, 0 hits, 0 errors, 0 left on base; Visalia 1 - Reno 3 |
TOP OF THE 6TH |
Visalia Mets batting - Pitching for Reno Silver Sox : LHP Mike Morley
|
Batting: LHB Pete Dalena
|
0-0: Ball 1-0: Ground out 4-3 (Groundball, 4, EV 104.4 MPH)
|
Batting: RHB Ed Sedar
|
0-0: TRIPLE (Line Drive, 78XD, EV 105.0 MPH)
|
Batting: RHB Gabriel de la Sancha
|
0-0: Foul Ball, location: 2F 0-1: Ball 1-1: Ball 2-1: Ball 3-1: Foul Ball, location: 2F 3-2: Foul Ball, location: 2F 3-2: Foul Ball, location: 2F 3-2: SINGLE (Flyball, 34D, EV 86.3 MPH) Ed Sedar scores
|
Batting: RHB Mitchell Ashmore
|
0-0: Ball 1-0: Called Strike 1-1: Ball Wild Pitch! Gabriel de la Sancha to second 2-1: Ball 3-1: Foul Ball, location: 2F 3-2: Fly out, F9 (Flyball, 9LS, EV 81.9 MPH)
|
Batting: RHB Lloyd Bessard
|
0-0: Ball 1-0: SINGLE (Groundball, 56D, EV 102.5 MPH) Gabriel de la Sancha to third Runner from 3rd tries for Home, SAFE, throw by LF to home
|
Batting: RHB Eddie Dennis
|
0-0: Fielders Choice at 2nd, 5-4 (Groundball, 56, EV 94.4 MPH)
|
Top of the 6th over - 2 runs, 3 hits, 0 errors, 1 left on base; Visalia 3 - Reno 3 |
BOTTOM OF THE 6TH |
Reno Silver Sox batting - Pitching for Visalia Mets : LHP Tom Bolton
|
Pitching: RHP Mike Ferguson
|
|
Batting: RHB Luis Cabanas
|
0-0: Foul Ball, location: 2F 0-1: Ball 1-1: Swinging Strike 1-2: Ball 2-2: Hit by Pitch
|
Batting: RHB Emilio Perez
|
0-0: Ball 1-0: Sac Bunt to 13 - play at first, batter OUT! 1-4 Luis Cabanas to second
|
Batting: LHB Gregory Shirley
|
0-0: Swinging Strike 0-1: Ball 1-1: Called Strike 1-2: Foul Ball, location: 2F 1-2: Strikes out swinging
|
Batting: SHB Grayling Tobias
|
0-0: Ball 1-0: Called Strike 1-1: Foul Ball, location: 2F 1-2: Fly out, F8 (Flyball, 8LS, EV 89.4 MPH)
|
Bottom of the 6th over - 0 runs, 0 hits, 0 errors, 1 left on base; Visalia 3 - Reno 3 |
TOP OF THE 7TH |
Visalia Mets batting - Pitching for Reno Silver Sox : LHP Mike Morley
|
Batting: RHB Danny Ainge
|
0-0: Ball 1-0: Called Strike 1-1: Swinging Strike 1-2: SINGLE (Groundball, 6MD, EV 96.9 MPH)
|
Batting: SHB David Navarro
|
0-0: Bunt missed! 0-1: Bunt missed! 0-2: Ball 1-2: Fly out, F9 (Flyball, 9, EV 87.5 MPH)
|
Batting: LHB Huey Gayden
|
0-0: Ball 1-0: Grounds into double play, 6-4-3 (Groundball, 6, EV 87.5 MPH)
|
Top of the 7th over - 0 runs, 1 hit, 0 errors, 0 left on base; Visalia 3 - Reno 3 |
BOTTOM OF THE 7TH |
Reno Silver Sox batting - Pitching for Visalia Mets : RHP Mike Ferguson
|
Batting: RHB Lemmie Miller
|
0-0: Ball 1-0: Called Strike 1-1: Fly out, F9 (Flyball, 89S, EV 85.6 MPH)
|
Batting: RHB Rod Hobbs
|
0-0: Ball 1-0: Ball 2-0: DOUBLE (Line Drive, 3D, EV 96.9 MPH)
|
Batting: LHB Victor Diaz
|
0-0: Ball 1-0: Foul Ball, location: 2F 1-1: Ball 2-1: Ball 3-1: Foul Ball, location: 2F 3-2: Foul Ball, location: 2F 3-2: Base on Balls
|
Batting: LHB Mike Hocutt
|
0-0: Ball 1-0: Ball 2-0: Called Strike 2-1: Ball 3-1: Base on Balls Rod Hobbs to third Victor Diaz to second
|
Batting: RHB Bill Crone
|
0-0: Ball 1-0: Grounds into fielders choice 6-2 (Groundball, 6M, EV 81.9 MPH) Victor Diaz to third Mike Hocutt to second
|
Batting: RHB Luis Cabanas
|
0-0: Fielders Choice at 2nd, 6-4 (Groundball, 6, EV 97.5 MPH)
|
Bottom of the 7th over - 0 runs, 1 hit, 0 errors, 3 left on base; Visalia 3 - Reno 3 |
TOP OF THE 8TH |
Visalia Mets batting - Pitching for Reno Silver Sox : LHP Mike Morley
|
Batting: LHB Pete Dalena
|
0-0: Ball 1-0: Called Strike 1-1: Ball 2-1: Ball 3-1: Called Strike 3-2: Base on Balls
|
Batting: RHB Ed Sedar
|
0-0: Fielders Choice at 2nd, 3-6 (Groundball, 3S, EV 88.1 MPH)
|
Batting: RHB Gabriel de la Sancha
|
0-0: Ball 1-0: Ball 2-0: SINGLE (Groundball, 13S, EV 70.6 MPH) (infield hit) Ed Sedar to second
|
Batting: RHB Mitchell Ashmore
|
0-0: Ball 1-0: Called Strike 1-1: Fly out, F4 (Line Drive, 4, EV 66.9 MPH)
|
Batting: RHB Lloyd Bessard
|
0-0: Ball Wild Pitch! Ed Sedar to third Gabriel de la Sancha to second 1-0: Called Strike 1-1: Ball 2-1: Foul Ball, location: 2F 2-2: SINGLE (Groundball, 56D, EV 106.9 MPH) Ed Sedar scores Gabriel de la Sancha to third Runner from 3rd tries for Home, throw by LF and OUT! 7-2
|
Top of the 8th over - 1 run, 2 hits, 0 errors, 1 left on base; Visalia 4 - Reno 3 |
BOTTOM OF THE 8TH |
Reno Silver Sox batting - Pitching for Visalia Mets : RHP Mike Ferguson
|
Batting: RHB Emilio Perez
|
0-0: Ball 1-0: Ball 2-0: Ball 3-0: Base on Balls
|
Pitching: RHP Timothy O'Neill
|
|
Batting: LHB Gregory Shirley
|
0-0: Ball 1-0: Foul Ball, location: 2F 1-1: Called Strike 1-2: Foul Ball, location: 2F 1-2: Strikes out swinging
|
Batting: SHB Grayling Tobias
|
0-0: Called Strike 0-1: Ball 1-1: SINGLE (Groundball, 4MD, EV 97.5 MPH) Emilio Perez to second
|
Batting: RHB Lemmie Miller
|
0-0: Swinging Strike 0-1: Ball 1-1: Fly out, F4 (Flyball, 4D, EV 81.3 MPH)
|
Batting: RHB Rod Hobbs
|
0-0: Ball 1-0: DOUBLE (Line Drive, 9LM, EV 105.0 MPH) Emilio Perez scores Grayling Tobias to third Runner from 3rd tries for Home, SAFE, throw by RF to trailing runner, SAFE at third!
|
Batting: LHB Victor Diaz
|
0-0: Ball 1-0: Ground out 1-3 (Groundball, 15S, EV 68.1 MPH)
|
Bottom of the 8th over - 2 runs, 2 hits, 0 errors, 1 left on base; Visalia 4 - Reno 5 |
TOP OF THE 9TH |
Visalia Mets batting - Pitching for Reno Silver Sox : LHP Mike Morley
|
Pitching: RHP Steve Eddy
|
|
Pinch Hitting: SHB Marcos Gomez
|
0-0: Called Strike 0-1: Fly out, F9 (Flyball, 89S, EV 80.0 MPH)
|
Batting: RHB Danny Ainge
|
0-0: Called Strike 0-1: Swinging Strike 0-2: Foul Ball, location: 2F 0-2: Ball 1-2: Ball 2-2: Fly out, F7 (Flyball, 7S, EV 82.5 MPH)
|
Batting: SHB David Navarro
|
0-0: Foul Ball, location: 2F 0-1: DOUBLE (Flyball, 8RXD, EV 100.0 MPH)
|
Batting: LHB Huey Gayden
|
0-0: Called Strike 0-1: Fly out, F9 (Flyball, 9LM, EV 101.3 MPH)
|
Top of the 9th over - 0 runs, 1 hit, 0 errors, 1 left on base; Visalia 4 - Reno 5 |
|